 Dungeon Crawl Stone Soup version 0.24-a0-586-g8e0e932 (webtiles) character file.

Game seed: 7890170819563058915, levelgen mode: deterministic

85 Gashadokuro the Cudgeler (level 4, 0/36 HPs)
             Began as a Demonspawn Berserker on Sept 7, 2019.
             Was a Follower of Trog.
             Slain by a worker ant (5 damage)
             ... on level 5 of the Dungeon.
             The game lasted 00:06:40 (1546 turns).

Gashadokuro the Cudgeler (Demonspawn Berserker)     Turns: 1546, Time: 00:06:42

Health: 0/36       AC:  8    Str: 18    XL:     4   Next: 25%
Magic:  4/4        EV:  9    Int:  9    God:    Trog [*.....]
Gold:   84         SH:  5    Dex: 12    Spells: 3/3 levels left

rFire    . . .     SeeInvis .   c - +0 mace
rCold    . . .     Gourm    .   f - +2 buckler
rNeg     . . .     Faith    .   q - +0 scale mail
rPois    .         Spirit   .   (no helmet)
rElec    .         Reflect  .   (no cloak)
rCorr    .         Harm     .   (no gloves)
MR       .....     Rnd*Tele +   (no boots)
Stlth    ..........             (no amulet)
HPRegen  0.12/turn              y - ring of teleportation (curse)
MPRegen  0.09/turn              (no ring)

@: lethally poisoned (0 -> -11)
A: thin metallic scales 1
a: Berserk, Renounce Religion


You were on level 5 of the Dungeon.
You worshipped Trog.
Trog was aware of your devotion.
You were not hungry.

You visited 1 branch of the dungeon, and saw 5 of its levels.

You collected 84 gold pieces.

Inventory:

Hand Weapons
 a - a +0 mace
 c - a +0 mace (weapon)
 e - a +0 club
 h - a +0 club
 j - a +0 dagger
 k - a +0 dagger
 m - a +0 quarterstaff
 r - a +0 hunting sling
 s - a +0 dagger
 w - a +0 dagger
 x - a +0 spear
Missiles
 d - 34 stones (quivered)
 n - 34 arrows
 v - 20 sling bullets
Armour
 b - a +0 animal skin
 f - a +2 buckler (worn)
 g - a +0 ring mail
 q - a +0 scale mail (worn)
 t - a +0 ring mail
 z - a +0 robe
Magical Staves
 B - an uncursed staff of conjuration {unknown}
Jewellery
 y - a cursed ring of teleportation (left hand)
Scrolls
 o - a scroll of teleportation {unknown}
 u - a scroll of identify {unknown}
Potions
 i - a potion of brilliance {unknown}
 l - a potion of lignification {unknown}
 p - a potion of cancellation {unknown}
Comestibles
 A - 2 rations


   Skills:
 * Level 3.6 Fighting
 * Level 3.8 Maces & Flails
 * Level 2.0 Armour
 + Level 2.2 Dodging
 * Level 0.3 Shields


You had 3 spell levels left.
You didn't know any spells.
Your spell library was empty.

Dungeon Overview and Level Annotations

Branches:
Dungeon (5/15)
 Temple: D:4-7

Altars:


Innate Abilities, Weirdness & Mutations

You are partially covered in thin metallic scales. (AC +2)


Message History

You closely miss the worker ant.
The worker ant is severely wounded.
The worker ant bites you but does no damage.
You hit the worker ant.
The worker ant is almost dead.
You feel sick. The worker ant closely misses you. The worker ant bites you.
* * * LOW HITPOINT WARNING * * *
You are lethally poisoned!
The worker ant poisons you!
You hit the worker ant but do no damage.
The worker ant is almost dead.
* * * LOW HITPOINT WARNING * * *
You feel sick. The worker ant barely misses you.
You hit the worker ant.
The worker ant is almost dead.
* * * LOW HITPOINT WARNING * * *
You feel sick.
The worker ant bites you but does no damage.
The worker ant bites you.
You die...

... .. #.# .
#.. ####.#
#.#####......
#.......#.#.#
#.../.......
#...@..#.#|#
#...a.......
##.....#.#.#
#........$.
##....#.#.#
#........?
#.....#.#.
#....##..


You could see a worker ant.

Vanquished Creatures
  A hound (D:5)
  Terence (D:3)
  An adder (D:3)
  A worm (D:1)
  An orc (D:3)
  4 bats
  A giant cockroach (D:3)
  2 goblins (D:1)
  2 hobgoblins (D:1)
  2 frilled lizards
  A jackal skeleton (D:5)
  A kobold (D:3)
  4 rats
22 creatures vanquished.

Notes
Turn   | Place    | Note
-------+----------+-------------------------------------------
     0 | D:1      | Gashadokuro the Demonspawn Berserker began the quest for
                  | the Orb.
     0 | D:1      | Reached XP level 1. HP: 18/18 MP: 1/1
   220 | D:1      | Gained mutation: You are partially covered in thin metallic
                  | scales. (AC +2) [demonic ancestry]
   220 | D:1      | Reached XP level 2. HP: 1/24 MP: 2/2
  1047 | D:3      | Noticed Terence
  1063 | D:3      | Killed Terence
  1063 | D:3      | Reached XP level 3. HP: 29/29 MP: 3/3
  1350 | D:4      | Identified the Reference Book on Earthen Necromancy
  1487 | D:5      | Entered Level 5 of the Dungeon
  1503 | D:5      | Reached XP level 4. HP: 24/36 MP: 4/4
  1546 | D:5      | Slain by a worker ant

Levels and vault maps discovered:
D:1:      evilmike_arrival_run_for_it, layout_loops_ring,
          minmay_misc_feat_rugged
D:2:      minmay_inner_zag, layout_basic, dancing_weapons_uskayaw
D:3:      layout_loops_corners, grunt_decor_one_mirror, st_stairs_6,
          uniq_terence
D:4:      layout_rooms, first_ration, kennysheep_nub,
          minmay_misc_feat_four_crosses
D:5:      layout_basic, overflow_temple_1_default, serial_glass,
          glass_columns_c, glass_columns_a, uniq_pikel, uniq_edmund

Skill      XL: |  1  2  3 |
---------------+----------+-----
Maces & Flails | 3 |  3.8
Dodging        | 2 |  2.2
Armour         | 2 |  2.0
Fighting       | |  3.6
Shields        | |  0.3

Action                   |  1- 3 |  4- 6 || total
-------------------------+-------+-------++-------
Melee: Mace              |    86 |     8 ||    94
  Eat: Ration            |     1 |       ||     1
Armor: Animal skin       |    23 |       ||    23
       Scale mail        |    28 |     3 ||    31
Dodge: Dodged            |    61 |     3 ||    64
Block: Buckler           |    32 |       ||    32

Table legend:
 A = Non-vault XP
 B = Vault XP
 C = Vault XP percentage of total XP
 D = Non-vault monster count
 E = Vault monster count
 F = Vault count percentage of total count
                 A         B        C        D         E       F
            +---------+---------+-------+---------+---------+-------
      Total |      77 |      45 |  36.9 |      18 |       4 |  18.2
            +---------+---------+-------+---------+---------+-------
        D:1 |      12 |       5 |  29.4 |       7 |       1 |  12.5
        D:2 |       3 |       0 |   0.0 |       2 |       0 |   0.0
        D:3 |      20 |      40 |  66.7 |       6 |       3 |  33.3
        D:4 |       1 |       0 |   0.0 |       1 |       0 |   0.0
        D:5 |      41 |       0 |   0.0 |       2 |       0 |   0.0
            +---------+---------+-------+---------+---------+-------
